 Dungeon Crawl Stone Soup version 0.29-a0-322-g68df515428 (webtiles) character file.

Game seed: 15870709899528370075

32 kae the Firebug (level 3, -8/19 (20) HPs)
             Began as a Tengu Fire Elementalist on Apr 5, 2022.
             Mangled by Terence
             ... wielding the +7 Throatcutter {drain, coup de grace}
              (16 damage)
             ... on level 2 of the Dungeon.
             The game lasted 00:00:53 (2143 turns).

kae the Firebug (Tengu Fire Elementalist)           Turns: 2143, Time: 00:00:53

HP:   -8/19 (20)    AC:  3    Str:  8    XL:     3   Next: 25%
MP:   7/7           EV: 12    Int: 17    God:
Gold: 102           SH:  0    Dex: 14    Spells: 0/6 levels left

rFire   . . .      SeeInvis .   e - +2 dagger (venom)
rCold   . . .      Faith    .   (no shield)
rNeg    . . .      Spirit   .   a - +0 robe
rPois   .          Reflect  .   (helmet restricted)
rElec   .          Harm     .   h - +0 cloak
rCorr   .          Rampage  .   (no gloves)
Will    .....                   (boots unavailable)
Stlth   ++........              (no amulet)
HPRegen 0.06/turn               (no ring)
MPRegen 0.10/turn               (no ring)

@: drained
A: beak, talons 3
a: no special abilities


You were on level 2 of the Dungeon.
You visited 1 branch of the dungeon, and saw 2 of its levels.

You collected 102 gold pieces.

Inventory:

Hand Weapons
 e - a +2 dagger of venom (weapon)
 j - a +2 dagger of protection
Armour
 a - a +0 robe (worn)
 h - a +0 cloak (worn)
Jewellery
 g - a +6 ring of intelligence
Scrolls
 c - a scroll of noise
 d - a scroll of teleportation
 f - 2 scrolls of identify
 i - a scroll of magic mapping
 m - a scroll of enchant weapon {unknown}
Potions
 b - a potion of magic
 k - a potion of flight {unknown}
 l - a potion of heal wounds {unknown}


   Skills:
 + Level 0.5 Fighting
 + Level 0.7 Armour
 + Level 2.5 Dodging
 - Level 2.0 Stealth
 + Level 2.2 Spellcasting
 + Level 1.9 Conjurations
 * Level 3.8 Fire Magic


You couldn't memorise any spells.
You knew the following spells:

 Your Spells              Type           Power      Damage    Failure   Level
a - Foxfire               Conj/Fire      44%        2x1d6     6%          1
b - Scorch                Fire           28%        2d6       6%          2
c - Conjure Flame         Conj/Fire      11%        6-21      17%         3

Your spell library contained the following spells:

 Spells                   Type           Power      Damage    Failure   Level
 Inner Flame              Hex/Fire       8%         N/A       26%         3
 Flame Wave               Conj/Fire      11%        2d5       50%         4
 Summon Cactus Giant      Summ           0%         N/A       100%        6


Dungeon Overview and Level Annotations

Branches:
Dungeon (2/15)

Altars:

Annotations:
D:2 Terence


Innate Abilities, Weirdness & Mutations

You have a beak for a mouth.
You have claws for feet.


Message History

The helpless kobold fails to defend itself.
You hit the kobold.
You kill the kobold!
Your magical contamination has completely faded away.
Things that are here:
a +0 whip; 5 stones; a kobold corpse No target in view!
No target in view!
There is a dry fountain here.
Found a stone staircase leading down.
There is a stone staircase leading up here.
Found a stone staircase leading up.
There is a stone staircase leading up here.
Found a pair of gloves.
Terence is nearby!
Terence shouts!
No target in view!
Terence is nearby!
Casting: Foxfire (safe; 6% risk of failure)
Confirm with . or Enter, or press ? or * to list all spells.
You conjure some foxfire!
The foxfire hits Terence.
Terence is lightly wounded.
The foxfire hits Terence.
Terence is lightly wounded.
You hit Terence but do no damage.
Terence is poisoned.
Terence is lightly wounded.
Terence hits you with the +7 Throatcutter {drain, coup de grace}!
Ouch! That really hurt!
You feel drained.
You are too injured to fight recklessly!
You are too injured to fight recklessly!
You are too injured to fight recklessly!
Terence looks more healthy.
You hit Terence.
Terence is poisoned.
You claw Terence, but do no damage. You peck Terence.
Terence is almost dead.
Terence hits you with the +7 Throatcutter {drain, coup de grace}!
Ouch! That really hurt!
You die...

#....#.### #..#......
##.##......
##..######.. ##...#
###†.. #...## #...##
##..## #.####
##########.<### #.# #
#....@@.......# #.####
#.############# ####..
#.#8###8###⌠###8###8#.#
#......................
#.........[............
#.................†....
###8###8##...##8###8#..
### ### ..## ###.. .8
#..


You could see Terence (very poisoned).

Vanquished Creatures
  2 worms (D:2)
  2 dart slugs
  An endoplasm (D:1)
  A hobgoblin (D:2)
  3 kobolds
  3 ball pythons
  A bat (D:1)
  2 frilled lizards (D:1)
  4 goblins
  4 rats (D:1)
23 creatures vanquished.

Vanquished Creatures (collateral kills)
  6 foxfires (D:1)
6 creatures vanquished.

Vanquished Creatures (others)
  95 foxfires
  A plant (D:1)
96 creatures vanquished.

Grand Total: 125 creatures vanquished

Notes
Turn   | Place    | Note
-------+----------+-------------------------------------------
     0 | D:1      | kae the Tengu Fire Elementalist began the quest for the
                  | Orb.
     0 | D:1      | Reached XP level 1. HP: 10/10 MP: 4/4
   227 | D:1      | Found a faded altar of an unknown god.
   507 | D:1      | Reached XP level 2. HP: 9/15 MP: 0/6
  1607 | D:2      | Learned a level 2 spell: Scorch
  1642 | D:2      | Reached XP level 3. HP: 20/20 MP: 5/7
  1646 | D:2      | Learned a level 3 spell: Conjure Flame
  1664 | D:2      | Noticed Terence
  2143 | D:2      | Mangled by Terence

Illustrated notes

Levels and vault maps discovered:
D:1:      wheals_arrival_linesprint, layout_basic, shapermc_ecumenical_altar_gd,
          serial_bayou_lagoon_b
D:2:      layout_rooms, serial_corexii_hall, chequers_hall_statues_wall_a,
          corexii_hall_statues_i, corexii_hall_statues_t,
          chequers_hall_statues_y, minmay_misc_feat_doors,
          minmay_misc_feat_roman, uniq_terence

Action                   || total
-------------------------++-------
Melee: Dagger            ||    11
       Kick              ||     3
       Peck              ||     3
 Cast: Foxfire           ||    59
  Use: Scroll            ||     3
 Stab: Sleeping          ||     2
Armor: Robe              ||     1
Dodge: Dodged            ||     2

Table legend: (Time is in decaauts)
 A = Elapsed time spent in this place.
 B = Non-inter-level travel time spent in this place.
 C = Inter-level travel time spent in this place.
 D = Time resting spent in this place.
 E = Time spent auto-exploring this place.
 F = Levels seen in this place.
 G = Mean time per level.
                   A        B        C        D        E       F      G
               +--------+--------+--------+--------+--------+-----+--------+
         Total |   2165 |   2062 |    103 |    108 |   1691 |   2 | 1082.5 |
       Dungeon |   2165 |   2062 |    103 |    108 |   1691 |   2 | 1082.5 |
               +--------+--------+--------+--------+--------+-----+--------+

Top non-repeatable levels by time:
     D:1: 1436 daAuts
     D:2: 728 daAuts
